 Dungeon Crawl Stone Soup version 0.21.1-1-g345015f (webtiles) character file.

273 tidbits the Grave Robber (level 6, 39/44 HPs)
             Began as a Gnoll Necromancer on June 26, 2018.
             Quit the game on level 5 of the Dungeon.
             The game lasted 00:06:34 (654 turns).

tidbits the Grave Robber (Gnoll Necromancer)         Turns: 654, Time: 00:06:35

Health: 39/44      AC:  5    Str: 10    XL:     6   Next: 24%
Magic:  13/13      EV: 15    Int: 19    God:
Gold:   89         SH:  0    Dex: 16    Spells: 7/15 levels left

rFire    . . .     SeeInvis .   a - +2 dagger (drain)
rCold    . . .     Gourm    .   (no shield)
rNeg     . . .     Faith    .   m - +0 robe
rPois    .         Spirit   .   (no helmet)
rElec    .         Reflect  .   (no cloak)
rCorr    .         Harm     .   (no gloves)
MR       .....                  (no boots)
Stlth    +++.......             (no amulet)
HPRegen  0.14/turn              n - +3 ring of protection
MPRegen  0.13/turn              (no ring)

@: no status effects
A: distributed training, fangs 1, strong nose
a: no special abilities


You were on level 5 of the Dungeon.
You were not hungry.

You visited 1 branch of the dungeon, and saw 6 of its levels.

You collected 89 gold pieces.

Inventory:

Hand Weapons
 a - a +2 dagger of draining (weapon)
   (You took it off a kobold on level 3 of the Dungeon)
 d - a +0 spear
 h - a +0 hunting sling
 j - a +0 trident
 l - a +0 war axe
Missiles
 i - 58 stones (quivered)
Armour
 m - a +0 robe (worn)
 o - a +0 ring mail
Jewellery
 n - a +3 ring of protection (left hand)
   (You found it on level 3 of the Dungeon)
Wands
 r - a wand of clouds (2)
Scrolls
 g - 2 scrolls of remove curse {unknown}
 t - a scroll of teleportation {unknown}
 v - a scroll of amnesia {unknown}
Potions
 e - 2 potions of curing {unknown}
 f - a potion of resistance {unknown}
 k - a potion of might {unknown}
 q - a potion of haste {unknown}
 s - a potion of invisibility {unknown}
 u - a potion of agility {unknown}
 w - a potion of degeneration {unknown}
Books
 b - a book of Necromancy

   Spells                             Type                      Level
   a - Pain                           Necromancy                   1
   b - Animate Skeleton               Necromancy                   1
   c - Vampiric Draining              Necromancy                   3
   d - Regeneration                   Charms/Necromancy            3
   e - Animate Dead                   Necromancy                   4
   f - Borgnjor's Vile Clutch         Necromancy/Earth             5
 p - a book of Conjurations
   (You found it on level 4 of the Dungeon)

   Spells                             Type                      Level
   a - Magic Dart                     Conjuration                  1
   b - Searing Ray                    Conjuration                  2
   c - Dazzling Spray                 Conjuration/Hexes            3
   d - Fulminant Prism                Conjuration/Hexes            4
   e - Force Lance                    Conjuration/Translocation    4
   f - Iskenderun's Mystic Blast      Conjuration                  4
Comestibles
 c - 6 rations


   Skills:
 + Level 1.8 Fighting
 + Level 1.8 Short Blades
 + Level 1.8 Long Blades
 + Level 1.8 Axes
 + Level 1.8 Maces & Flails
 + Level 1.8 Polearms
 + Level 1.8 Staves
 + Level 1.8 Slings
 + Level 1.8 Bows
 + Level 1.8 Crossbows
 + Level 1.8 Throwing
 + Level 1.8 Armour
 + Level 4.9 Dodging
 + Level 4.5 Stealth
 + Level 1.8 Shields
 + Level 1.8 Unarmed Combat
 + Level 5.3 Spellcasting
 + Level 1.4 Conjurations
 + Level 1.4 Hexes
 + Level 1.4 Charms
 + Level 1.4 Summonings
 + Level 7.2 Necromancy
 + Level 1.4 Translocations
 + Level 1.4 Transmutations
 + Level 1.4 Fire Magic
 + Level 1.4 Ice Magic
 + Level 1.4 Air Magic
 + Level 1.4 Earth Magic
 + Level 1.4 Poison Magic
 + Level 2.0 Invocations
 + Level 1.8 Evocations


You had 7 spell levels left.
You knew the following spells:

 Your Spells              Type           Power        Failure   Level  Hunger
a - Pain                  Necr           ####         1%          1    None
d - Vampiric Draining     Necr           ####......   1%          3    ##.....
n - Animate Skeleton      Necr           N/A          1%          1    None
r - Regeneration          Chrm/Necr      ###.......   6%          3    ##.....


Dungeon Overview and Level Annotations

Branches:
Dungeon (6/15)
 Temple: D:4-7

Altars:


Innate Abilities, Weirdness & Mutations

Your experience applies equally to all skills.
You have very sharp teeth.
Your uncanny sense of smell can sniff out nearby items.


Message History

Unknown command.
You hit the adder. You drain the adder!
The adder is heavily wounded.
The adder bites you but does no damage.
Casting: Vampiric Draining
Confirm with . or Enter, or press ? or * to list all spells.
Aiming: Pain
Press: ? - help, Shift-Dir - straight line, f - adder
Aim: an adder (heavily wounded, heavily drained, chance to defeat MR: 91%)
The adder writhes in agony!
You kill the adder!
Found a scroll labeled XOGAABBAMEO.
There is a stone staircase leading down here.
You see here a scroll labeled XOGAABBAMEO.
v - a scroll labeled XOGAABBAMEO
There is a stone staircase leading down here.
You climb downwards.
A hound comes into view.
Found a fizzy white potion.
Found an escape hatch in the floor.
There is a stone staircase leading up here.
Found 21 stones.
The helpless hound fails to defend itself.
You impale the hound!!
You kill the hound!
Your Invocations skill increases to level 2!
You have reached level 6!
Your experience leads to an increase in your attributes!
Increase (S)trength, (I)ntelligence, or (D)exterity?
You feel clever.
Found an escape hatch in the ceiling.
You see here a fizzy white potion.
w - a fizzy white potion
There is an escape hatch in the ceiling here.
A mysterious force pulls you upwards. The hatch slams shut behind you.
A ball python comes into view.
Unknown command.
The helpless ball python fails to defend itself.
You impale the ball python!!
You kill the ball python!
An orc wizard comes into view.
It is wielding a dagger. 2 orcs come into view.
The orc wizard shouts!
The orc shouts! x2
Casting: Pain
Confirm with . or Enter, or press ? or * to list all spells.
Aiming: Pain
Press: ? - help, Shift-Dir - straight line, f - orc wizard
Aim: an orc wizard, wielding a dagger and wearing a robe (chance to defeat MR: 84%)
The orc wizard writhes in agony!
You closely miss the orc wizard.
The orc wizard is heavily wounded.
The orc wizard barely misses you.
Casting: Pain
Confirm with . or Enter, or press ? or * to list all spells.
Aiming: Pain
Press: ? - help, Shift-Dir - straight line, f/p - orc wizard
Aim: an orc wizard, wielding a dagger and wearing a robe (heavily wounded, chance to defeat MR: 84%)
The orc wizard writhes in agony!
The orc hits you with a mace. The orc barely misses you.
The orc wizard hits you but does no damage.
Casting: Pain
Confirm with . or Enter, or press ? or * to list all spells.
Aiming: Pain
Press: ? - help, Shift-Dir - straight line, f/p - orc wizard
Aim: an orc wizard, wielding a dagger and wearing a robe (severely wounded, chance to defeat MR: 84%)
The orc wizard writhes in agony!
You kill the orc wizard!
The orc misses you. The orc hits you with a mace!
Casting: Pain
Confirm with . or Enter, or press ? or * to list all spells.
Aiming: Pain
Press: ? - help, Shift-Dir - straight line, f - orc
Aim: an orc, wielding a mace (chance to defeat MR: 93%)
The orc barely resists.
The orc closely misses you. x2
Casting: Pain
Confirm with . or Enter, or press ? or * to list all spells.
Aiming: Pain
Press: ? - help, Shift-Dir - straight line, f/p - orc
Aim: an orc, wielding a mace (chance to defeat MR: 93%)
The orc writhes in agony!
You kill the orc!
The orc completely misses you.
Casting: Pain
Confirm with . or Enter, or press ? or * to list all spells.
Aiming: Pain
Press: ? - help, Shift-Dir - straight line, f - orc
Aim: an orc, wielding a dagger (chance to defeat MR: 93%)
The orc writhes in agony!
You kill the orc!
Casting: Pain
Confirm with . or Enter, or press ? or * to list all spells.
You can't see any susceptible monsters within range! (Use Z to cast anyway.)
Things that are here:
a mace; an orc corpse
Things that are here:
a dagger; a robe; an orc corpse
Things that are here:
a dagger; an orc corpse
Found a spear.
Magic restored.
Are you sure you want to abandon this character and quit the game? (Confirm with "yes".)

.# #.# ∆
.#######.###################
...........................#
..........################.#
...........)...# #.#
...............# #.#
...............# #.#
...............#### #.#
................@.# #.#
#..............##.# #.#
##########.....##.# #.#
#.....##.# #.#####
#.....##.# #.....#
#.....##.# #####.#
#.....##.# #.# #.....##.#
#.# ########.# #.#


There were no monsters in sight!

Vanquished Creatures
  A scorpion (D:4)
  2 hounds
  Jessica (D:3)
  An orc wizard (D:5)
  2 worker ants (D:4)
  5 adders
  A worm (D:4)
  6 orcs
  A bat (D:3)
  A goblin (D:3)
  A ball python (D:5)
  A frilled lizard (D:2)
  2 kobolds (D:3)
  2 rats
27 creatures vanquished.

Notes
Turn   | Place    | Note
-------+----------+-------------------------------------------
     0 | D:1      | tidbits the Gnoll Necromancer began the quest for the Orb.
     0 | D:1      | Reached XP level 1. HP: 13/13 MP: 6/6
    76 | D:2      | Reached XP level 2. HP: 18/20 MP: 3/7
    79 | D:2      | Learned a level 1 spell: Animate Skeleton
   210 | D:3      | Noticed Jessica
   215 | D:3      | Killed Jessica
   215 | D:3      | Reached skill level 5 in Spellcasting
   215 | D:3      | Reached skill level 1 in Invocations
   215 | D:3      | Reached XP level 3. HP: 9/25 MP: 4/9
   220 | D:3      | Learned a level 3 spell: Vampiric Draining
   238 | D:3      | Learned a level 3 spell: Regeneration
   264 | D:3      | Reached skill level 1 in Fighting
   264 | D:3      | Reached skill level 1 in Short Blades
   264 | D:3      | Reached skill level 1 in Long Blades
   264 | D:3      | Reached skill level 1 in Axes
   264 | D:3      | Reached skill level 1 in Maces & Flails
   264 | D:3      | Reached skill level 1 in Polearms
   264 | D:3      | Reached skill level 1 in Staves
   264 | D:3      | Reached skill level 1 in Slings
   264 | D:3      | Reached skill level 1 in Bows
   264 | D:3      | Reached skill level 1 in Crossbows
   264 | D:3      | Reached skill level 1 in Throwing
   264 | D:3      | Reached skill level 1 in Armour
   264 | D:3      | Reached skill level 1 in Shields
   264 | D:3      | Reached skill level 1 in Unarmed Combat
   264 | D:3      | Reached skill level 1 in Evocations
   282 | D:3      | Reached XP level 4. HP: 26/32 MP: 6/11
   290 | D:3      | You fall through a shaft!
   303 | D:4      | Reached skill level 1 in Conjurations
   303 | D:4      | Reached skill level 1 in Hexes
   303 | D:4      | Reached skill level 1 in Charms
   303 | D:4      | Reached skill level 1 in Summonings
   303 | D:4      | Reached skill level 1 in Translocations
   303 | D:4      | Reached skill level 1 in Transmutations
   303 | D:4      | Reached skill level 1 in Fire Magic
   303 | D:4      | Reached skill level 1 in Ice Magic
   303 | D:4      | Reached skill level 1 in Air Magic
   303 | D:4      | Reached skill level 1 in Earth Magic
   303 | D:4      | Reached skill level 1 in Poison Magic
   390 | D:4      | Reached XP level 5. HP: 33/37 MP: 10/12
   456 | D:5      | Entered Level 5 of the Dungeon
   521 | D:6      | Reached skill level 2 in Invocations
   521 | D:6      | Reached XP level 6. HP: 44/44 MP: 10/13
   654 | D:5      | Quit the game

Skill      XL: |  1  2  3  4  5 |
---------------+----------------+-----
Spellcasting   | 5 |  5.3
Invocations    | 1 2 |  2.0
Fighting       | 1 |  1.8
Short Blades   | 1 |  1.8
Long Blades    | 1 |  1.8
Axes           | 1 |  1.8
Maces & Flails | 1 |  1.8
Polearms       | 1 |  1.8
Staves         | 1 |  1.8
Slings         | 1 |  1.8
Bows           | 1 |  1.8
Crossbows      | 1 |  1.8
Throwing       | 1 |  1.8
Armour         | 1 |  1.8
Shields        | 1 |  1.8
Unarmed Combat | 1 |  1.8
Evocations     | 1 |  1.8
Conjurations   | 1 |  1.4
Hexes          | 1 |  1.4
Charms         | 1 |  1.4
Summonings     | 1 |  1.4
Translocations | 1 |  1.4
Transmutations | 1 |  1.4
Fire Magic     | 1 |  1.4
Ice Magic      | 1 |  1.4
Air Magic      | 1 |  1.4
Earth Magic    | 1 |  1.4
Poison Magic   | 1 |  1.4
Dodging        | |  4.9
Stealth        | |  4.5
Necromancy     | |  7.2

Action                   |  1- 3 |  4- 6 || total
-------------------------+-------+-------++-------
Melee: Dagger            |    12 |    25 ||    37
       Bite              |       |     1 ||     1
 Cast: Pain              |    16 |    21 ||    37
       Regeneration      |     1 |       ||     1
       Vampiric Draining |       |     1 ||     1
Evoke: Wand              |       |     1 ||     1
 Stab: Sleeping          |     1 |     2 ||     3
Armor: Robe              |     5 |     6 ||    11
Dodge: Dodged            |    10 |    22 ||    32

Table legend:
 A = Turns spent in this place as a percentage of turns spent in the entire game.
 B = Non-inter-level travel turns spent in this place as a percentage of non-inter-level travel turns spent in the entire game.
 C = Inter-level travel turns spent in this place as a percentage of turns spent in this place.
 D = Turns resting spent in this place as a percentage of non-inter-level travel turns spent in this place.
 E = Turns spent auto-exploring this place as a percentage of non-inter-level travel turns spent in this place.
 F = Non-inter-level travel turns spent in this place divided by the number of levels of this place that you've seen.
                   A       B       C       D       E      F
               +-------+-------+-------+-------+-------+----------------------
         Total | 100.0 | 100.0 |   2.3 |   0.0 |   0.0 | 106.5
       Dungeon | 100.0 | 100.0 |   2.3 |   0.0 |   0.0 | 106.5
               +-------+-------+-------+-------+-------+----------------------

Table legend:
 A = Kills in this place as a percentage of kills in entire the game.
 B = Kills by you in this place as a percentage of kills by you in the entire game.
 C = Kills by friends in this place as a percentage of kills by friends in the entire game.
 D = Other kills in this place as a percentage of other kills in the entire game.
 E = Experience gained in this place as a percentage of experience gained in the entire game.
 F = Experience gained in this place divided by the number of levels of this place that you have seen.
                   A       B       C       D       E      F
               +-------+-------+-------+-------+-------+----------------------
         Total | 100.0 | 100.0 |   N/A |   N/A | 100.0 |  65.2
       Dungeon | 100.0 | 100.0 |   N/A |   N/A | 100.0 |  65.2
               +-------+-------+-------+-------+-------+----------------------

Vault maps used:
D:1:      doesnt_arrival_eight_statues, serial_co_window_serial,
          co_window_of_opportunity_a, co_window_corner_a,
          co_window_of_opportunity_a, co_window_corner_a, co_window_paths_b,
          co_window_paths_b, co_window_paths_a, co_window_paths_c,
          co_window_2corner, co_window_cross_3, co_window_unsneaky_path_c,
          co_window_2corner, co_window_of_opportunity_b,
          co_window_of_opportunity_b, co_window_4corner_b, glass_columns_b,
          glass_columns_a, glass_columns_a, glass_columns_b
D:2:      nemelex_altar_shiori, first_ration, minivault_11,
          okawaru_altar_gauntlet_db, uniq_sigmund
D:3:      chequers_big_river, uniq_jessica, uniq_terence,
          uniq_crazy_yiuf_cottage
D:4:      uniq_robin
D:5:      minmay_temple_entry_glassed_door, uniq_grinder
D:6:      gammafunk_temple_overflow_wave, basic_altar
